Map: Darkness Sanctuary LE

Players

Poizon - Winner!

  • Race: Protoss Protoss
  • Spawn Location: 11:00

scorplingg

  • Race: Zerg Zerg
  • Spawn Location: 1:00

Event: WCS Austin 2018

VOD

Have the link to the VOD?

Description

Time

  • Played on: June 1, 2018, 2:38 p.m.
  • Length: 19:15

All games in this series

Show
View Real Time Build Order
Export as new Build Order

Poizon Protoss - Winner!

Build Orders: 1 Gate Expand, Phoenix Opening 

Get SALT Encoding   

  12  0:00  Probe  
  13  0:12  Probe  
  14  0:21  Pylon  
  14  0:27  Probe  
  15  0:39  Probe  
  16  0:48  Gateway  
  16  0:50  Assimilator  
  16  0:52  Probe  
  17  1:04  Probe  
  18  1:25  Nexus  
  18  1:41  Cybernetics Core  
  18  1:44  Probe  
  19  1:51  Assimilator  
  19  1:56  Probe  
  20  2:05  Gateway  
  20  2:09  Adept  
  20  2:10  Warp Gate  
  20  2:11  Probe  
  23  2:24  Shield Battery  
  23  2:29  Pylon  
  23  2:37  Probe  
  23  2:39  Stalker  
  23  2:42  Probe  
  27  2:49  Probe  
  28  2:56  Sentry, Probe  
  31  3:01  Probe  
  32  3:08  Probe  
  32  3:11  Assimilator  
  33  3:17  Probe  
  34  3:22  Probe  
  34  3:23  Stargate  
  35  3:30  Probe  
  36  3:35  Probe  
  37  3:43  Probe  
  37  3:44  Pylon  
  38  3:50  Sentry, Adept  
  38  3:52  Probe  
  38  3:54  Assimilator  
  43  3:58  Phoenix  
  43  4:00  Probe  
  46  4:13  Probe, Pylon  
  47  4:24  Probe  
  48  4:25  Probe  
  48  4:30  Oracle  
  52  4:36  Probe  
  52  4:37  Probe  
  54  4:38  Twilight Council  
  54  4:45  Stalker x2  
  56  4:48  Probe  
  56  4:50  Gateway  
  56  4:51  Probe  
  60  4:55  Gateway  
  60  5:10  Shield Battery  
  60  5:29  Probe  
  60  5:30  Probe  
  60  5:32  Pylon  
  60  5:50  Oracle  
  60  5:55  Probe  
  60  5:56  Probe  
  65  5:59  Twilight Council  
  65  6:01  Gateway x2  
  65  6:06  Blink  
  65  6:07  Adept  
  65  6:10  Adept  
  69  6:12  Probe  
  70  6:19  Pylon  
  70  6:27  Robotics Facility  
  70  6:38  Pylon  
  70  6:40  Pylon, Probe  
  70  6:45  Nexus  
  71  6:49  Pylon  
  71  6:50  Pylon  
  71  6:51  Probe  
  71  6:52  Probe  
  73  6:54  Stalker x2  
  77  7:05  Probe  
  75  7:21  Probe  
  75  7:22  Immortal  
  80  7:26  Probe  
  81  7:33  Stalker x3  
  81  7:34  Stalker x3  
  93  7:53  Robotics Facility  
  93  7:58  Shield Battery  
  93  7:59  Gateway  
  93  8:02  Gateway  
  93  8:03  Gateway  
  93  8:04  Charge, Gateway  
  94  8:06  Observer  
  94  8:09  Robotics Bay  
  94  8:33  Probe x3  
  97  8:35  Templar Archives  
  97  8:38  Zealot x6, Immortal x2  
  117  8:50  Forge  
  117  8:55  Assimilator  
  117  9:00  Assimilator  
  117  9:01  Psionic Storm  
  115  9:05  Extended Thermal Lance  
  115  9:17  High Templar x2  
  115  9:20  Colossus  
  121  9:31  Observer  
  105  9:38  Shield Battery  
  105  9:39  Shield Battery, Probe  
  105  9:43  Photon Cannon  
  105  9:44  Photon Cannon x2  
  104  9:46  Photon Cannon  
  104  9:50  Zealot x4  
  104  9:51  Zealot x5  
  110  9:54  Colossus  
  94  10:06  Stalker  
  91  10:12  Stalker x3  
  91  10:13  Stalker x2  
  97  10:17  Colossus  
  97  10:18  Archon  
  103  10:45  Sentry x3  
  103  10:46  Sentry x2  
  103  10:49  Zealot x5  
  119  11:00  Colossus  
  119  11:02  Colossus  
  113  11:11  Zealot  
  113  11:12  Zealot x4  
  114  11:28  High Templar  
  114  11:29  High Templar  
  118  11:34  Probe x2  
  118  11:36  Assimilator  
  120  11:46  Photon Cannon  
  120  11:47  Zealot x2  
  122  12:02  Pylon  
  122  12:03  Pylon x2  
  122  12:07  Pylon  
  122  12:08  Stalker x5  
  102  12:09  Stalker x2  
  102  12:10  Stalker  
  103  12:22  Zealot x2  
  102  12:31  Zealot x2  
  102  12:32  Zealot x5  
  108  12:41  Probe x2  
  108  12:42  Probe  
  105  12:48  Cybernetics Core  
  105  12:49  Zealot x2  
  109  12:53  Probe  
  109  12:56  Warp Prism  
  112  13:16  Nexus  
  112  13:18  Pylon  
  112  13:20  Pylon  
  112  13:27  Colossus  
  112  13:29  Sentry x2  
  112  13:30  Sentry  
  112  13:32  High Templar x2  
  128  13:38  Archon  
  128  13:55  High Templar  
  128  13:56  High Templar x3  
  128  13:57  High Templar  
  138  14:03  Archon x2  
  114  14:37  Zealot x5  
  124  14:39  High Templar  
  124  14:40  High Templar  
  124  14:43  High Templar  
  128  15:09  Zealot x7  
  128  15:13  Stargate  
  142  15:15  Fleet Beacon  
  140  15:22  Photon Cannon  
  140  15:26  High Templar, Pylon  
  140  15:28  Assimilator  
  134  15:30  Zealot x9  
  134  15:32  Assimilator, Probe  
  134  15:33  Probe  
  154  15:35  Probe  
  154  15:36  Probe  
  156  15:57  Observer  
  157  15:59  Carrier  
  157  16:00  Carrier  
  169  16:16  Photon Cannon  
  169  16:17  Photon Cannon x2  
  169  16:19  Photon Cannon  
  169  16:41  Zealot x2  
  169  16:42  Zealot  
  169  16:44  Zealot  
  177  16:47  Nexus  
  177  16:50  Pylon  
  177  16:51  Pylon  
  177  16:52  Dark Shrine  
  177  17:20  Zealot x5  
  177  17:21  Zealot  
  151  17:54  Zealot x9  
  181  18:06  Stargate  
  170  18:24  Observer x2  
  164  18:44  Dark Templar x5  
  164  18:45  Dark Templar x3  
Show
View Real Time Build Order
Export as new Build Order

scorplingg Zerg 

Build Orders: Hatch First 

Get SALT Encoding   

  12  0:01  Drone  
  13  0:13  Overlord  
  13  0:18  Drone  
  14  0:32  Drone x2  
  14  0:35  Drone  
  17  0:47  Drone  
  18  1:02  Hatchery  
  17  1:05  Drone  
  17  1:08  Extractor  
  17  1:25  Drone  
  18  1:26  Drone  
  18  1:27  Spawning Pool  
  18  1:30  Drone  
  19  1:45  Drone  
  20  1:51  Drone  
  21  2:01  Overlord  
  21  2:12  Drone  
  21  2:13  Metabolic Boost  
  21  2:14  Queen  
  21  2:15  Drone  
  25  2:23  Drone, Queen  
  25  2:26  Zergling x2  
  29  2:33  Drone  
  30  2:40  Drone  
  31  2:45  Drone  
  31  2:47  Drone  
  33  2:55  Drone  
  33  2:57  Drone  
  35  3:01  Lair  
  35  3:11  Drone  
  36  3:14  Overlord  
  36  3:16  Overlord  
  36  3:22  Hatchery  
  36  3:23  Baneling Nest  
  36  3:26  Zergling x4  
  36  3:34  Spore Crawler  
  36  3:40  Spore Crawler, Drone x5  
  39  3:43  Zergling x2  
  39  3:46  Zergling x2  
  41  3:49  Zergling x2  
  41  3:53  Zergling x6  
  45  3:58  Zergling x2  
  45  3:59  Overseer  
  45  4:00  Zergling x2  
  47  4:04  Zergling x4  
  47  4:06  Zergling x2  
  47  4:09  Zergling x2  
  51  4:12  Zergling x2  
  52  4:18  Overseer  
  52  4:21  Overlord  
  52  4:34  Baneling x5  
  52  4:36  Zergling x12  
  58  4:39  Overlord  
  58  4:40  Zergling x2  
  58  4:41  Zergling x2  
  60  4:49  Zergling x4  
  60  4:50  Zergling x2  
  59  5:03  Drone  
  59  5:04  Drone x2  
  59  5:05  Baneling  
  59  5:06  Baneling  
  61  5:07  Baneling  
  61  5:08  Zergling x2  
  61  5:10  Zergling x4  
  61  5:12  Zergling x2  
  61  5:13  Overlord  
  65  5:15  Baneling  
  65  5:20  Extractor  
  62  5:42  Drone x12  
  71  5:43  Drone x2  
  71  5:46  Extractor x2  
  71  5:48  Overlord  
  71  5:54  Hydralisk Den  
  70  5:58  Evolution Chamber  
  70  5:59  Drone x3  
  72  6:06  Zergling x6  
  72  6:08  Queen  
  77  6:13  Overseer  
  77  6:15  Pneumatized Carapace  
  77  6:16  Drone x3  
  80  6:20  Drone, Extractor  
  80  6:21  Extractor  
  80  6:22  Overlord  
  79  6:28  Muscular Augments  
  79  6:33  Zerg Missile Weapons Level 1  
  79  6:41  Drone  
  79  6:42  Drone  
  79  6:44  Hydralisk x2  
  85  6:48  Hydralisk  
  85  6:49  Hydralisk  
  85  6:53  Drone  
  85  6:54  Overlord x2  
  84  7:14  Drone  
  84  7:15  Drone x7  
  85  7:25  Spore Crawler, Hydralisk x3  
  90  7:30  Drone x3  
  93  7:43  Overlord x2  
  93  7:53  Overlord x2  
  93  8:00  Grooved Spines  
  93  8:11  Hydralisk  
  93  8:12  Hydralisk x5  
  105  8:15  Overlord  
  105  8:26  Overlord  
  105  8:30  Zerg Missile Weapons Level 2  
  105  8:35  Centrifical Hooks  
  105  8:37  Zergling x2  
  105  8:38  Zergling x12  
  105  8:39  Zergling x2  
  105  8:40  Overlord  
  113  8:51  Hydralisk x4  
  121  9:04  Baneling x4  
  121  9:06  Zergling x14  
  106  9:27  Hydralisk x4  
  106  9:28  Hydralisk x3  
  112  9:35  Zergling x8  
  116  9:42  Zergling x6  
  119  9:52  Zergling x2  
  112  9:53  Zergling x8  
  112  9:58  Zergling x2  
  112  9:59  Zergling x2  
  104  10:10  Zergling x12  
  108  10:18  Baneling  
  108  10:19  Baneling x8  
  108  10:20  Zergling x2  
  108  10:21  Zergling x4  
  111  10:31  Zergling x6  
  114  10:36  Hydralisk x2  
  116  10:47  Baneling  
  116  10:48  Baneling x4, Zergling x2  
  116  10:49  Zergling x8  
  121  10:52  Hydralisk  
  103  11:06  Hydralisk x10  
  118  11:20  Zergling x8  
  118  11:27  Zergling x14  
  118  11:29  Baneling x10  
  125  11:36  Zerg Ground Armor Level 1  
  125  11:37  Zergling x8  
  129  11:40  Drone  
  130  11:47  Overlord  
  130  11:48  Overlord  
  105  12:15  Hydralisk  
  105  12:16  Hydralisk x10  
  118  12:37  Hydralisk x8  
  95  12:47  Hydralisk x4  
  103  12:53  Hydralisk  
  103  12:54  Hydralisk  
  107  13:01  Hydralisk x3  
  114  13:05  Zergling x6  
  116  13:25  Hatchery  
  113  13:28  Baneling x4  
  113  13:31  Hydralisk  
  113  13:32  Hydralisk x4  
  113  13:34  Zergling x2  
  124  13:35  Zergling x2  
  125  13:46  Hydralisk x2  
  129  13:52  Zerg Ground Armor Level 2  
  129  13:57  Baneling  
  129  13:58  Baneling x3  
  125  14:17  Overlord  
  110  14:32  Overlord x3  
  110  14:34  Hatchery  
  109  14:40  Overlord, Hydralisk x2  
  113  14:49  Infestation Pit  
  108  14:54  Hydralisk  
  108  14:55  Hydralisk x9  
  128  15:06  Hydralisk x3  
  134  15:11  Drone x3  
  136  15:22  Zergling x10  
  141  15:32  Drone x5  
  146  16:00  Hive  
  146  16:02  Spire  
  145  16:07  Lurker Den  
  145  16:08  Hatchery  
  145  16:11  Overlord x3  
  143  16:22  Queen  
  145  16:43  Overlord  
  145  16:44  Overlord x3  
  145  16:45  Hydralisk x6  
  157  16:51  Overlord  
  143  17:43  Lurker x6  
  143  17:44  Lurker x2  
  144  17:45  Hydralisk x15  
  164  17:52  Overseer  
  164  17:56  Lurker  
  152  18:27  Hydralisk  
  152  18:28  Hydralisk x6  
  166  18:40  Lurker  
Tags
 
Add a new tag
Caveats
  • Supply blocks, unpowered buildings, or Contaminate may cause inaccurate times.
  • Supply counts are checked every 10 seconds.